 Dungeon Crawl Stone Soup version 0.29-a0-961-gfab03dca74 (webtiles) character file.

Game seed: 18036310769870241426

1430 DungeonMaster the Conjurer (level 8, -5/52 HPs)
             Began as a Demonspawn Wanderer on July 30, 2022.
             Was an Initiate of Gozag.
             Killed from afar by a steam dragon (17 damage)
             ... with a ball of steam
             ... on level 9 of the Dungeon.
             The game lasted 00:18:49 (10768 turns).

DungeonMaster the Conjurer (Demonspawn Wanderer)   Turns: 10768, Time: 00:18:49

Health: -5/52      AC:  4    Str: 12    XL:     8   Next: 45%
Magic:  8/13       EV: 11    Int: 20    God:    Gozag
Gold:   271        SH:  0    Dex:  9    Spells: 5/14 levels left

rFire   . . .      SeeInvis .   a - +5 club
rCold   . . .      Faith    .   (no shield)
rNeg    . . .      Spirit   .   u - +0 leather armour
rPois   +          Reflect  .   (helmet restricted)
rElec   .          Harm     .   (no cloak)
rCorr   +          Rampage  .   (no gloves)
Will    .....                   (no boots)
Stlth   +.........              (no amulet)
HPRegen 0.17/turn               e - ring of poison resistance
MPRegen 0.13/turn               s - ring of resist corrosion

@: about to teleport
A: horns 1, spiny 1, sharp scales 1
a: Renounce Religion, Potion Petition, Call Merchant, Bribe Branch


You were on level 9 of the Dungeon.
You worshipped Gozag.
Gozag was aware of your devotion.
You visited 1 branch of the dungeon, and saw 9 of its levels.

You collected 590 gold pieces.
You spent 220 gold pieces at shops.
You paid 99 gold pieces to Gozag.

Inventory:

Hand Weapons
 a - a +5 club (weapon)
 x - a +2 dagger of holy wrath
 y - a +2 vorpal hand axe
Missiles
 b - 9 poisoned darts (quivered)
 f - a boomerang
 B - a curare-tipped dart
Armour
 k - a +1 buckler
 m - a +2 scale mail of willpower
 u - a +0 leather armour (worn)
 E - a +0 pair of gloves
Magical Staves
 v - a staff of poison
Jewellery
 e - a ring of poison resistance (left hand)
 p - a ring of flight
 q - a ring of ice
 s - a ring of resist corrosion (right hand)
 A - a ring of fire
Wands
 D - a wand of roots (5)
Scrolls
 d - 3 scrolls of fear
 j - a scroll of magic mapping
 w - a scroll of poison
Potions
 c - 2 potions of attraction
 g - a potion of lignification
 h - a potion of ambrosia
 i - 2 potions of heal wounds
 n - a potion of resistance {unknown}
 o - 3 potions of brilliance
 r - a potion of flight
 t - a potion of magic {unknown}
 z - 2 potions of might {unknown}
 C - a potion of invisibility {unknown}


   Skills:
 - Level 1.0 Throwing
 - Level 1.0 Dodging
 - Level 1.7 Unarmed Combat
 - Level 3.5 Spellcasting
 * Level 5.8 Conjurations
 * Level 5.7 Air Magic
 * Level 5.5 Poison Magic
 - Level 1.0 Evocations


You had 5 spell levels left.
You knew the following spells:

 Your Spells              Type           Power      Damage    Failure   Level
a - Shock                 Conj/Air       100%       1d9       1%          1
b - Fireball              Conj/Fire      7%         3d5       82%         5
d - Mephitic Cloud        Conj/Pois/Air  26%        N/A       4%          3

Your spell library contained the following spells:

 Spells                   Type           Power      Damage    Failure   Level
 Freeze                   Ice            12%        1d4       17%         1
 Blink                    Tloc           6%         N/A       26%         2
 Frozen Ramparts          Ice            6%         1d2       45%         3
 Lesser Beckoning         Tloc           3%         N/A       45%         3
 Hailstorm                Conj/Ice       15%        3d5       45%         4
 Summon Lightning Spire   Summ/Air       15%        N/A       45%         4
 Manifold Assault         Tloc           3%         N/A       99%         5
 Starburst                Conj/Fire      7%         6d4       100%        6
 Ignition                 Fire           1%         3d3       100%        8


Dungeon Overview and Level Annotations

Branches:
Dungeon (9/15)             Temple (0/1) D:7
   Lair: D:8-11         Orc: D:9-12

Altars:
Ashenzari
Cheibriados
Fedhas
Gozag
Nemelex Xobeh
Okawaru
Ru
Sif Muna
Trog
Uskayaw
Yredelemnul

Shops:
D:1 =

Annotations:
D:5 2 transporters, Voker57's ghost, novice DsGl
D:7 Dowan; Duvessa


Innate Abilities, Weirdness & Mutations

You have a pair of small horns on your head.
You are partially covered in sharp spines.
You are partially covered in razor-sharp scales. (AC +1, Slay +1)


Message History

The water moccasin attacks as you move away!
The water moccasin closely misses you.
Found 10 gold pieces.
The water moccasin bites you but does no damage.
The water moccasin is struck by your spines.
The water moccasin closely misses you. The water moccasin bites you.
There is a stone staircase leading down here.
The water moccasin bites you!
* * * LOW HITPOINT WARNING * * *
You climb downwards.
The gnoll sergeant shouts!
The gnoll shouts! x2; You hear a shout! x2
Found 10 gold pieces.
There is a stone staircase leading up here.
As you read the scroll of teleportation, it crumbles to dust.
You feel strangely unstable. The water moccasin misses you.
The water moccasin bites you.
* * * LOW HITPOINT WARNING * * *
Found a potion of attraction.
The gnoll hits you but does no damage.
The water moccasin attacks as you move away!
The water moccasin barely misses you.
Your surroundings suddenly seem different. 3 wights and a steam dragon come into view.
Found a leather armour and a scroll of enchant armour.
Found a bloodstained altar of Trog.
The steam dragon hisses angrily.
What are your orders? t - Shout!
Orders for allies: a - Attack new target. r - Retreat! s - Stop attacking. g - Guard the area. f - Follow me.
Anything else - Cancel.
Okay, then.
Unknown command.
As you read the scroll of teleportation, it crumbles to dust.
You feel strangely unstable. The steam dragon breathes steam at you.
The ball of steam hits you!
You die...
Your body crumbles into a pile of gold.

..###........
#............
............
........... #
..z..... $ #..
#.?... .
.....#...##....
♣.z..z.@§§...D.
♣♣♣♣♣..._...♣♣♣
♣♣♣...♣♣♣ ♣♣♣♣♣
....... ......
##.....
##..>...


You could see 3 wights.

Vanquished Creatures
  An ice beast (D:5)
  An ogre (D:6)
  2 centaurs
  A kobold brigand (D:6)
  A bullfrog (D:6)
  A gnoll sergeant (D:6)
  4 scorpions
  A gnoll bouda (D:5)
  2 hounds (D:5)
  An orc priest (D:3)
  3 iguanas
  2 orc wizards
  Robin (D:3)
  13 adders
  9 gnolls
  A shadow imp (D:7)
  2 white imps
  A worm (D:3)
  2 dart slugs
  27 orcs
  7 ball pythons
  12 endoplasms
  6 giant cockroaches
  24 goblins
  12 hobgoblins
  A jackal (D:2)
  14 kobolds
  4 quokkas
  3 bats
  7 frilled lizards
  9 rats
175 creatures vanquished.

Vanquished Creatures (others)
  A steam dragon (D:7)
  An orc warrior (D:7)
  An orc wizard (D:7)
  An orc (D:7)
4 creatures vanquished.

Grand Total: 179 creatures vanquished

Notes
Turn   | Place    | Note
-------+----------+-------------------------------------------
     0 | D:1      | DungeonMaster the Demonspawn Wanderer began the quest for
                  | the Orb.
     0 | D:1      | DungeonMaster set off with the following items: a +0
                  | dagger, 9 poisoned darts, a potion of attraction, a scroll
                  | of fear, a +0 robe; and the following spell memorised:
                  | Shock; and the following spells available to memorise:
                  | Mephitic Cloud, Summon Lightning Spire.
     0 | D:1      | Reached XP level 1. HP: 13/13 MP: 4/4
   358 | D:1      | Gained mutation: You have a pair of small horns on your
                  | head. [demonic ancestry]
   358 | D:1      | Reached XP level 2. HP: 16/19 MP: 0/6
   466 | D:1      | Found Ixux Geunla's Jewellery Shop.
   554 | D:1      | Reached skill level 1 in Conjurations
   868 | D:1      | You fall into a shaft and drop 1 floor!
   873 | D:2      | Found a faded altar of an unknown god.
   944 | D:2      | Reached XP level 3. HP: 7/24 MP: 0/7
  2603 | D:2      | Learned a level 3 spell: Mephitic Cloud
  2804 | D:2      | Reached XP level 4. HP: 26/30 MP: 5/9
  3511 | D:3      | Noticed Robin
  3689 | D:3      | Found a sacrificial altar of Ru.
  3776 | D:3      | Reached skill level 1 in Poison Magic
  4173 | D:3      | Reached XP level 5. HP: 20/35 MP: 2/10
  4618 | D:3      | Killed Robin
  5516 | D:4      | Found a basalt altar of Yredelemnul.
  5775 | D:4      | Noticed a centaur
  5787 | D:4      | Killed a centaur
  5788 | D:4      | Gained mutation: You are partially covered in sharp spines.
                  | [demonic ancestry]
  5788 | D:4      | Reached XP level 6. HP: 3/41 MP: 1/11
  6764 | D:4      | Learned a level 5 spell: Fireball
  7073 | D:4      | Found a broken altar of Ashenzari.
  7074 | D:4      | Found a hide-covered altar of Uskayaw.
  7216 | D:5      | Entered Level 5 of the Dungeon
  7281 | D:5      | Found an iron altar of Okawaru.
  7396 | D:5      | Found a transporter.
  7399 | D:5      | Noticed Voker57's ghost (novice DsGl)
  7401 | D:5      | Found a transporter.
  7492 | D:5      | Noticed an ice beast
  7640 | D:5      | Gained mutation: You are partially covered in razor-sharp
                  | scales. (AC +1, Slay +1) [demonic ancestry]
  7640 | D:5      | Reached XP level 7. HP: 38/46 MP: 4/12
  7949 | D:5      | Found a shimmering blue altar of Sif Muna.
  7949 | D:5      | Found an opulent altar of Gozag.
  7966 | D:5      | Found a snail-covered altar of Cheibriados.
  7972 | D:5      | Became a worshipper of Gozag Ym Sagoz the Greedy
  8156 | D:5      | Found a sparkling altar of Nemelex Xobeh.
  8840 | D:1      | Bought a ring of poison resistance for 220 gold pieces
  9118 | D:6      | Reached skill level 5 in Air Magic
  9147 | D:6      | Reached skill level 5 in Conjurations
  9277 | D:6      | Reached XP level 8. HP: 47/52 MP: 13/13
  9524 | D:6      | Found a blossoming altar of Fedhas.
  9720 | D:6      | Reached skill level 5 in Poison Magic
 10295 | D:7      | Noticed a two-headed ogre
 10696 | D:7      | Noticed Duvessa
 10700 | D:7      | Found a staircase to the Ecumenical Temple.
 10715 | D:7      | Noticed Dowan
 10767 | D:9      | Found a bloodstained altar of Trog.
 10768 | D:9      | Killed from afar by a steam dragon

Illustrated notes

Levels and vault maps discovered:
D:1:      dpeg_arrival_rooms_c, layout_loops_corners, serial_shops, shop,
          minmay_lizard_pond
D:2:      cheibrodos_greedy_goblins, layout_basic, ebering_ecumenical_altar_box,
          serial_glass, glass_columns_c, glass_columns_c, glass_columns_a,
          glass_columns_a, glass_columns_a, glass_columns_a, glass_columns_a,
          glass_columns_b, glass_columns_a, glass_columns_a,
          guppyfry_early_orc_mine
D:3:      minmay_recursive_quarters, layout_basic,
          lemuel_coloured_pillars_altar, st_stairs_12, uniq_robin
D:4:      minmay_inner_zag, layout_loops_ring, mainiacjoe_overflow_chevrons,
          gammafunk_temple_overflow_claw, nicolae_ossuary_entry_plus,
          st_stairs_10, fountainhead, minmay_fractal_squares_diagonal_5
D:5:      layout_gridville, okawaru_metal_pillars_1_2,
          nemelex_xobeh_ov_fountains_minmay,
          gammafunk_temple_overflow_forgotten, gammafunk_ghost_arena
D:6:      layout_cave_pods, fedhas_altar_1
D:7:      nicolae_cairo_tiling, layout_loops_ring, xom_confusion_cloud,
          bloody_makhleb, lemuel_doored_altar, uniq_duvessa, uniq_joseph
D:8:      layout_basic, uniq_prince_ribbit1
D:9:      layout_cave_pools, mainiacjoe_overflow_catch_the_wave,
          serial_column_ruins, column_ruins_square_small, column_ruins_grid_4,
          column_ruins_columns_straight, column_ruins_grid_3,
          column_ruins_columns_T

Skill      XL: |  1  2  3  4  5  6  7  8 |
---------------+-------------------------+-----
Air Magic      | 2 3 4 5 |  5.7
Conjurations   | 1 2 3 4 5 |  5.8
Poison Magic   | 1 2 3 4 5 |  5.5
Throwing       | |  1.0
Dodging        | |  1.0
Unarmed Combat | |  1.7
Spellcasting   | |  3.5
Evocations     | |  1.0

Action                   |  1- 3 |  4- 6 |  7- 9 || total
-------------------------+-------+-------+-------++-------
Melee: Dagger            |    12 |       |       ||    12
       Short sword       |     7 |    16 |       ||    23
       Club              |       |    28 |    64 ||    92
       Headbutt          |       |     3 |    15 ||    18
Throw: Dart              |       |       |     7 ||     7
 Cast: Shock             |   111 |   196 |    87 ||   394
       Mephitic Cloud    |       |     4 |    13 ||    17
  Use: Scroll            |     4 |    10 |     3 ||    17
       Potion            |       |     1 |     1 ||     2
 Stab: Confused          |       |       |     3 ||     3
Armor: Robe              |    11 |     9 |       ||    20
       Leather armour    |       |     1 |    16 ||    17
Dodge: Dodged            |    24 |    51 |    53 ||   128

Table legend: (Time is in decaauts)
 A = Elapsed time spent in this place.
 B = Non-inter-level travel time spent in this place.
 C = Inter-level travel time spent in this place.
 D = Time resting spent in this place.
 E = Time spent auto-exploring this place.
 F = Levels seen in this place.
 G = Mean time per level.
                   A        B        C        D        E       F      G
               +--------+--------+--------+--------+--------+-----+--------+
         Total |  10809 |  10423 |    386 |   3048 |   5920 |   9 | 1201.0 |
       Dungeon |  10809 |  10423 |    386 |   3048 |   5920 |   9 | 1201.0 |
               +--------+--------+--------+--------+--------+-----+--------+

Top non-repeatable levels by time:
     D:2: 2153 daAuts
     D:4: 2053 daAuts
     D:1: 1693 daAuts
     D:6: 1692 daAuts
     D:5: 1525 daAuts
     D:3: 1522 daAuts
     D:7: 153 daAuts
     D:8: 10 daAuts
     D:9: 3 daAuts
